 Dungeon Crawl Stone Soup version 0.21-a0-128-gf2b353c (webtiles) character file.

82972 TheGoof the Black Belt (level 15, 0/128 HPs)
             Began as an Octopode Transmuter on July 16, 2017.
             Was an Initiate of Gozag.
             Killed from afar by a shock serpent (11 damage)
             ... with an electric aura
             ... on level 1 of the Snake Pit.
             The game lasted 01:11:06 (32696 turns).

TheGoof the Black Belt (Octopode Transmuter)       Turns: 32696, Time: 01:11:07

Health: 0/128      AC:  8    Str: 11    XL:     15   Next: 75%
Magic:  0/37       EV: 25    Int: 21    God:    Gozag
Gold:   780        SH:  0    Dex: 33    Spells: 18/33 levels left

rFire    + . .     SeeInvis .     - Unarmed
rCold    + + +     Gourm    .   (shield currently unavailable)
rNeg     . . .     Faith    .   (helmet currently unavailable)
rPois    +         Spirit   +   o - amulet of guardian spirit
rElec    +         Reflect  .   f - +5 ring of dexterity
rCorr    +         Harm     .   u - ring of protection from fire
MR       +....                  e - ring "Jauribus" {Wiz rPois Slay+3}
Stlth    ++........             R - ring of magical power
HPRegen  0.31/turn              J - +5 ring of dexterity
MPRegen  0.25/turn              S - +5 ring of intelligence
                                B - +3 ring of slaying
                                C - ring "Suddates" {rPois Str+2 Dex+4}

@: ice-form, resistant, gold aura, berserk cooldown, slowed, very slow
A: almost no armour, stealthy swim, amphibious, 8 rings, (constrict 8)
a: End Transformation, Potion Petition, Call Merchant, Bribe Branch, Renounce
Religion


You were on level 1 of the Snake Pit.
You worshipped Gozag.
Gozag was pleased with you.
You were not hungry.
You were a creature of crystalline ice.
You visited 5 branches of the dungeon, and saw 24 of its levels.
You also visited: Sewer and Volcano.

You collected 6022 gold pieces.
You spent 2206 gold pieces at shops.
You paid 3036 gold pieces to Gozag.

Inventory:

Missiles
 a - 536 arrows
Armour
 q - a +1 hat of intelligence (melded)
Jewellery
 c - an uncursed ring of fire
 e - the ring "Jauribus" (on tentacle) {Wiz rPois Slay+3}
   (You bought it in a shop on level 2 of the Orcish Mines)

   [ring of wizardry]

   It improves your spell success rate.
   It affects your accuracy and damage with ranged weapons and melee attacks
   (+3).
   It protects you from poison.
 f - a +5 ring of dexterity (left front paw)
 o - an amulet of guardian spirit (around neck)
 u - a ring of protection from fire (right front paw)
 B - a +3 ring of slaying (on tentacle)
 C - the ring "Suddates" (on tentacle) {rPois Str+2 Dex+4}
   (You bought it in a shop on level 3 of the Lair of Beasts)

   [ring of poison resistance]

   It affects your strength (+2).
   It affects your dexterity (+4).
   It protects you from poison.
 J - a +5 ring of dexterity (on tentacle)
 R - a ring of magical power (on tentacle)
 S - a +5 ring of intelligence (on tentacle)
 W - a +3 amulet of reflection
Wands
 h - a wand of acid (8/15)
 w - a wand of disintegration (16/24)
 x - a wand of paralysis (11/24)
 G - a wand of lightning (6/15)
 H - a wand of digging (9/24)
 N - a wand of iceblast (7/15)
 P - a wand of digging (7/24)
 Q - a wand of acid (6/15)
 Z - a wand of disintegration (12/24)
Scrolls
 g - a scroll of torment {unknown}
 i - 3 scrolls of enchant weapon
 l - 3 scrolls of teleportation
 r - 2 scrolls of immolation
 s - 4 scrolls of fog
 v - a scroll of magic mapping
 y - 7 scrolls of remove curse
 F - a scroll of summoning
 K - 2 scrolls of amnesia
 V - 6 scrolls of identify
Potions
 d - a potion of magic {unknown}
 k - 7 potions of lignification
 D - 2 potions of brilliance
 T - 2 potions of flight
Books
 b - a book of Changes

   Spells                             Type                      Level
   a - Beastly Appendage              Transmutation                1
   b - Sticks to Snakes               Transmutation                2
   c - Spider Form                    Transmutation/Poison         3
   d - Ice Form                       Ice/Transmutation            4
   e - Blade Hands                    Transmutation                5
 j - a book of Misfortune

   Spells                             Type                      Level
   a - Confusing Touch                Hexes                        1
   b - Confuse                        Hexes                        3
   c - Gell's Gravitas                Translocation                3
   d - Petrify                        Transmutation/Earth          4
   e - Metabolic Englaciation         Hexes/Ice                    5
   f - Yara's Violent Unravelling     Hexes/Transmutation          5
 p - Tas Eqy's Handbook of Ensnaring Poisoning
   (You found it on level 11 of the Dungeon)

   Spells                             Type                      Level
   a - Mephitic Cloud                 Conjuration/Poison/Air       3
   b - Ignite Poison                  Fire/Transmutation/Poison    3
   c - Alistair's Intoxication        Transmutation/Poison         5
   d - Discord                        Hexes                        8
 M - a book of Power

   Spells                             Type                      Level
   a - Iskenderun's Battlesphere      Conjuration/Charms           5
   b - Venom Bolt                     Conjuration/Poison           5
   c - Bolt of Magma                  Conjuration/Fire/Earth       5
   d - Iron Shot                      Conjuration/Earth            6
   e - Orb of Destruction             Conjuration                  7
   f - Spellforged Servitor           Conjuration/Summoning        7
 O - a book of Debilitation

   Spells                             Type                      Level
   a - Corona                         Hexes                        1
   b - Slow                           Hexes                        2
   c - Inner Flame                    Hexes/Fire                   3
   d - Portal Projectile              Hexes/Translocation          3
   e - Cause Fear                     Hexes                        4
   f - Leda's Liquefaction            Hexes/Earth                  4
 X - a book of Fire

   Spells                             Type                      Level
   a - Ignite Poison                  Fire/Transmutation/Poison    3
   b - Fireball                       Conjuration/Fire             5
   c - Bolt of Fire                   Conjuration/Fire             6
   d - Ring of Flames                 Charms/Fire                  7
   e - Ignition                       Fire                         8
Comestibles
 m - 2 bread rations
 n - 5 meat rations
 t - a fruit
 A - 7 royal jellies


   Skills:
 - Level 11.6 Fighting
 + Level 13.3 Dodging
 - Level 15.2 Unarmed Combat
 + Level 9.5 Spellcasting
 - Level 9.6 Transmutations
 - Level 6.0 Ice Magic


You had 18 spell levels left.
You knew the following spells:

 Your Spells              Type           Power        Failure   Level  Hunger
a - Beastly Appendage     Tmut           ######       1%          1    None
b - Spider Form           Tmut/Pois      ####......   1%          3    None
c - Sticks to Snakes      Tmut           ######..     1%          2    None
d - Blade Hands           Tmut           ######....   1%          5    ####...
e - Ice Form              Ice/Tmut       #####...     1%          4    ##.....


Dungeon Overview and Level Annotations

Branches:
Dungeon (14/15)            Temple (1/1) D:4            Lair (6/6) D:10
  Swamp (0/4) Lair:4        Snake (1/4) Lair:3        Slime (0/5) Lair:6
    Orc (2/2) D:10            Elf (0/3) Orc:2        Vaults (0/5) D:14

Altars:
Ashenzari
Cheibriados
Dithmenos
Elyvilon
Fedhas
Gozag
Hepliaklqana
Kikubaaqudgha
Makhleb
Nemelex Xobeh
Okawaru
Qazlal
Ru
Sif Muna
Trog
Uskayaw
Vehumet
Wu Jian
Xom
Yredelemnul
Zin
The Shining One
Beogh
Jiyva

Shops:
D:4 [   Orc:2 *=([   Lair:2 ?   Lair:3 =

Annotations:
D:10 2 exclusions
Lair:3 exclusion: 4 oklob plants
Lair:5 exclusion: oklob plant


Innate Abilities, Weirdness & Mutations

You cannot wear most types of armour.
You are very stealthy in the water. (Stealth+)
You are amphibious.
You can wear up to eight rings at the same time.
((You can use your tentacles to constrict eight enemies at once.))
((Your skin changes colour to match your surroundings (Stealth+).))
((Your rubbery body absorbs attacks. (AC +1, EV +1)))


Message History

The shock serpent is no longer distracted by gold.
The shock serpent completely misses you.
Unknown command.
You pummel the shock serpent!!
The shock serpent seems to slow down.
You freeze the shock serpent.
The shock serpent is heavily wounded.
The shock serpent's electric aura discharges, shocking you!
* * * LOW HITPOINT WARNING * * *
The shock serpent misses you.
Unknown command.
You barely miss the shock serpent.
The shock serpent is heavily wounded.
The shock serpent completely misses you.
Unknown command.
You punch the shock serpent!
The shock serpent seems to slow down.
You freeze the shock serpent.
The shock serpent is severely wounded.
The shock serpent's electric aura discharges, shocking you!
You die...
Your body crumbles into a pile of gold.

......#.........##
.... ##.......##
..... ##.....###
.....##.......##
......#........###
#...............#
#......##.....#
#...$S####....#
###....Y###.....#
#......$.......##
.....##.$.......#
....# ##...)...##
.... #........#
... #.........# $.
.....####..#
......# ...#
#.....# ....#


You could see a shock serpent.

Vanquished Creatures
  Saint Roka (Orc:2)
  Rupert (Orc:2)
  Kirke (Lair:4)
  Nessos (D:14)
  5 hydras
  A death knight (D:14)
  2 centaur warriors
  6 two-headed ogres
  A death yak (Lair:5)
  Urug (Orc:2)
  A hell hog (Volcano)
  An orc high priest (Orc:2)
  A deep elf knight (Orc:2)
  A fire crab (Volcano)
  4 skeletal warriors
  An unseen horror (D:14)
  A naga ritualist (Snake:1)
  A lindwurm (Lair:5)
  3 mana vipers (Snake:1)
  A deep elf mage (D:14)
  2 ugly things
  3 orc knights
  3 orc sorcerers (Orc:2)
  3 cyclopes
  2 manticores
  8 black mambas
  An ice statue (Lair:2)
  2 centaur zombies
  A naga mage (Snake:1)
  2 molten gargoyles (Volcano)
  27 spiny frogs
  3 gargoyles
  3 rime drakes
  9 komodo dragons
  A freezing wraith (Lair:2)
  5 polar bears
  5 tyrant leeches (Lair:6)
  A merfolk (D:9)
  3 trolls
  A polar bear (shapeshifter) (D:14)
  12 blink frogs
  8 slime creatures
  Grinder (D:4)
  A hornet (D:13)
  7 hippogriffs
  A wraith (D:14)
  A tarantella (shapeshifter) (D:14)
  27 yaks
  A vampire (D:14)
  2 hogs (Lair:4)
  15 humans
  2 basilisks
  7 fire bats
  4 wyverns
  2 steam dragons (Volcano)
  4 hungry ghosts
  13 vampire mosquitoes
  A warg (Orc:1)
  A naga (Snake:1)
  An acid dragon (D:11)
  A hell hound (Volcano)
  16 water moccasins
  7 porcupines
  24 orc warriors
  4 black bears
  4 ice beasts
  3 sky beasts
  10 ogres
  14 wolves
  11 centaurs
  The ghost of Goof the Insei, an amateur OpTm (D:3)
  10 crocodiles
  2 big kobolds
  A gnoll sergeant (Orc:2)
  34 bullfrogs
  A wyvern zombie (D:13)
  4 scorpions
  6 wights
  A howler monkey (D:8)
  4 electric eels
  4 crimson imps
  A bullfrog zombie (D:8)
  A quasit (D:10)
  2 hounds
  2 jellies
  16 orc priests
  4 bullfrog skeletons
  25 orc wizards
  An iron imp (D:6)
  7 centaur skeletons
  Natasha (thrice) (D:3)
  7 worker ants
  5 hound zombies
  2 hound skeletons (D:7)
  10 adders
  6 gnolls
  A river rat (D:3)
  2 shadow imps
  2 white imps (Lair:2)
  13 oozes
  An adder skeleton (D:8)
  4 worms
  5 dart slugs
  18 leopard geckos
  66 orcs
  5 bats
  12 giant cockroaches
  7 goblins
  8 hobgoblins
  8 jackals
  24 kobolds
  9 quokkas
  11 ball pythons
  20 frilled lizards
  8 rats
709 creatures vanquished.

Vanquished Creatures (collateral kills)
  A hydra (Lair:6)
  An orc (Orc:1)
  2 ball pythons (Sewer)
4 creatures vanquished.

Vanquished Creatures (others)
  A human (Lair:4)
  An orc wizard (D:10)
  13 fungi
  27 plants
42 creatures vanquished.

Grand Total: 755 creatures vanquished

Notes
Turn   | Place    | Note
-------+----------+-------------------------------------------
     0 | D:1      | TheGoof the Octopode Transmuter began the quest for the Orb.
     0 | D:1      | Reached XP level 1. HP: 13/13 MP: 3/3
   364 | D:1      | Reached XP level 2. HP: 17/18 MP: 3/5
  1612 | D:1      | Reached XP level 3. HP: 23/23 MP: 6/6
  1974 | D:2      | Learned a level 3 spell: Spider Form
  2312 | D:2      | Reached XP level 4. HP: 24/28 MP: 2/7
  2934 | D:2      | Learned a level 2 spell: Sticks to Snakes
  3186 | D:3      | Noticed Goof's ghost (amateur OpTm)
  3213 | D:3      | Found a hazy altar of Hepliaklqana.
  3213 | D:3      | Found a white marble altar of Elyvilon.
  3218 | D:3      | Killed Goof's ghost
  3218 | D:3      | Reached skill level 4 in Unarmed Combat
  3218 | D:3      | Reached XP level 5. HP: 33/33 MP: 8/8
  3220 | D:3      | Found a glowing golden altar of the Shining One.
  3223 | D:3      | Found a shimmering altar of Xom.
  3283 | D:3      | Noticed Natasha
  3301 | D:3      | Killed Natasha
  3523 | D:3      | Found a glowing drain.
  3527 | Sewer    | Entered a sewer
  3752 | Sewer    | Reached XP level 6. HP: 14/38 MP: 7/9
  4017 | Sewer    | Reached skill level 5 in Transmutations
  4021 | Sewer    | Reached skill level 5 in Unarmed Combat
  4514 | Sewer    | Reached XP level 7. HP: 29/43 MP: 6/10
  4972 | D:3      | Noticed Natasha
  4975 | D:3      | Killed Natasha
  5661 | D:3      | Noticed Natasha
  5667 | D:3      | Killed Natasha
  5800 | D:4      | Found a staircase to the Ecumenical Temple.
  5805 | Temple   | Entered the Ecumenical Temple
  6089 | D:4      | Noticed Grinder
  6106 | D:4      | Killed Grinder
  6106 | D:4      | Reached XP level 8. HP: 29/52 MP: 5/11
  6173 | D:4      | Found Bur Joapp's Antique Armour Emporium.
  6810 | D:5      | Entered Level 5 of the Dungeon
  6995 | D:5      | Reached skill level 5 in Dodging
  7248 | D:5      | Found Hyarghox's Food Emporium.
  7346 | D:5      | Found an iron altar of Okawaru.
  7447 | D:5      | Reached skill level 5 in Fighting
  7988 | D:6      | Found a blossoming altar of Fedhas.
  7988 | D:6      | Found a deep blue altar of Sif Muna.
  8112 | D:6      | Found a snail-covered altar of Cheibriados.
  8148 | D:6      | Reached XP level 9. HP: 62/62 MP: 8/12
  8635 | D:6      | Found an ornate altar of the Wu Jian Council.
  8900 | D:6      | Found a stormy altar of Qazlal.
  9041 | D:7      | Found a sacrificial altar of Ru.
  9455 | D:7      | Found a shattered altar of Ashenzari.
 10683 | D:8      | Found an opulent altar of Gozag.
 11021 | D:9      | Noticed a two-headed ogre
 11040 | D:9      | Killed a two-headed ogre
 11040 | D:9      | Reached XP level 10. HP: 39/73 MP: 8/13
 11361 | D:9      | Noticed a two-headed ogre
 11384 | D:9      | Killed a two-headed ogre
 11485 | D:9      | Found a sacrificial altar of Ru.
 11851 | D:9      | Found a radiant altar of Vehumet.
 12141 | D:10     | Entered Level 10 of the Dungeon
 13151 | D:8      | Became a worshipper of Gozag Ym Sagoz the Greedy
 13512 | D:10     | Reached skill level 10 in Dodging
 13636 | D:10     | Reached skill level 10 in Fighting
 13645 | D:10     | Found a staircase to the Lair.
 13733 | D:10     | Noticed a two-headed ogre
 13741 | D:10     | Killed a two-headed ogre
 13741 | D:10     | Reached XP level 11. HP: 74/82 MP: 2/14
 14593 | Lair:1   | Entered Level 1 of the Lair of Beasts
 16038 | Lair:1   | Reached skill level 6 in Unarmed Combat
 16487 | Lair:1   | Reached skill level 7 in Unarmed Combat
 17013 | Lair:2   | Noticed a five-headed hydra
 17108 | Lair:2   | Reached skill level 8 in Unarmed Combat
 17108 | Lair:2   | Reached XP level 12. HP: 88/90 MP: 15/15
 17649 | Lair:2   | Reached skill level 9 in Unarmed Combat
 18699 | Lair:3   | Found a staircase to the Snake Pit.
 18818 | Lair:3   | Found a white marble altar of Elyvilon.
 18836 | Lair:3   | Found a dark tunnel.
 18922 | Volcano  | Entered a volcano
 19074 | Volcano  | Reached skill level 10 in Unarmed Combat
 19082 | Volcano  | Found a radiant altar of Vehumet.
 19082 | Volcano  | Noticed a hell hog
 19090 | Volcano  | Killed a hell hog
 19964 | Lair:3   | Reached skill level 11 in Unarmed Combat
 20768 | Lair:4   | Reached XP level 13. HP: 65/95 MP: 16/16
 21532 | Lair:4   | Found a staircase to the Swamp.
 21574 | Lair:4   | Noticed Kirke
 21617 | Lair:4   | Killed Kirke
 21617 | Lair:4   | Reached skill level 12 in Unarmed Combat
 22775 | Lair:5   | Learned a level 5 spell: Blade Hands
 23258 | Lair:5   | Reached skill level 13 in Unarmed Combat
 23506 | Lair:6   | Entered Level 6 of the Lair of Beasts
 24115 | Lair:3   | Bought the ring "Suddates" {rPois Str+2 Dex+4} for 633 gold pieces
 24209 | Lair:4   | Learned a level 4 spell: Ice Form
 24262 | Lair:6   | Reached skill level 14 in Unarmed Combat
 24544 | Lair:6   | Reached XP level 14. HP: 88/101 MP: 17/17
 24658 | Lair:6   | Reached skill level 15 in Unarmed Combat
 24833 | Lair:6   | Reached skill level 1 in Ice Magic
 25049 | Lair:6   | Found a staircase to the Slime Pits.
 25049 | Lair:6   | Found a viscous altar of Jiyva.
 25623 | D:10     | Found a staircase to the Orcish Mines.
 25646 | Orc:1    | Entered Level 1 of the Orcish Mines
 25957 | Orc:2    | Entered Level 2 of the Orcish Mines
 25977 | Orc:2    | Found a roughly hewn altar of Beogh.
 26032 | Orc:2    | Found a staircase to the Elven Halls.
 26076 | Orc:2    | Noticed Rupert
 26087 | Orc:2    | Killed Rupert
 26293 | Orc:2    | Noticed Saint Roka
 26560 | Orc:2    | Killed Saint Roka
 26674 | Orc:2    | Reached skill level 5 in Ice Magic
 26689 | Orc:2    | Reached skill level 5 in Spellcasting
 26697 | Orc:2    | Noticed Urug
 27328 | Orc:2    | Found a roughly hewn altar of Beogh.
 27350 | Orc:2    | Killed Urug
 27362 | Orc:2    | Found Amumom's Antique Weapon Shop.
 27407 | Orc:2    | Found Juseix's General Store.
 27673 | Orc:2    | Found Ytrampo's Jewellery Shop.
 27679 | Orc:2    | Bought the ring "Jauribus" {Wiz rPois Slay+3} for 968 gold pieces
 27815 | Orc:2    | Found Xiqughar's Antique Armour Shop.
 28125 | D:11     | Identified Tas Eqy's Handbook of Ensnaring Poisoning
 29117 | D:12     | Reached XP level 15. HP: 91/107 MP: 25/25
 30150 | D:14     | Found a gate to the Vaults.
 30150 | D:14     | Noticed Nessos
 30183 | D:14     | Killed Nessos
 31016 | D:5      | Bought a meat ration for 55 gold pieces
 31016 | D:5      | Bought a bread ration for 55 gold pieces
 31016 | D:5      | Bought a bread ration for 55 gold pieces
 31016 | D:5      | Bought a royal jelly for 22 gold pieces
 31016 | D:5      | Bought a meat ration for 55 gold pieces
 31016 | D:5      | Bought a royal jelly for 22 gold pieces
 31016 | D:5      | Bought a bread ration for 55 gold pieces
 31016 | D:5      | Bought a meat ration for 55 gold pieces
 31016 | D:5      | Bought a royal jelly for 22 gold pieces
 31016 | D:5      | Bought a royal jelly for 22 gold pieces
 31016 | D:5      | Bought a bread ration for 55 gold pieces
 31016 | D:5      | Bought a meat ration for 55 gold pieces
 31016 | D:5      | Bought a royal jelly for 22 gold pieces
 31016 | D:5      | Bought a meat ration for 55 gold pieces
 32345 | D:14     | Found an ornate altar of the Wu Jian Council.
 32534 | Snake:1  | Entered Level 1 of the Snake Pit
 32696 | Snake:1  | Killed from afar by a shock serpent

Vault maps used:
D:1:      dpeg_arrival_simpleton_a
D:3:      minitemple, gup_sewer_entry_spiral, minivault_5, uniq_natasha
D:4:      minmay_temple_entry_glassed_door, serial_shops, shop, first_bread,
          uniq_grinder
D:5:      okawaru_altar_gauntlet_db, serial_shops, nicolae_shop_behind_doors
D:6:      marbit_many_paths, kennysheep_little_box,
          amethyst_overflow_temple_binary, chei_slow_surprise
D:7:      nicolae_overflow_hidden_temple, nicolae_ru_the_path_less_chosen
D:8:      old_standard_altar
D:9:      nicolae_overflow_crystal_walls, fiery_altar_vehumet,
          hangedman_fish_farm
D:10:     grunt_lair_entry_orc_guard_hut, erik_orc_2
D:13:     serial_bayou_crossing
D:14:     david_vaults_3, minmay_misc_feat_ornament, david_defended_altar_elf
Temple:   nicolae_temple_figure_zero
Lair:1:   columned_hall_lemuel
Lair:2:   ice2_lemuel
Lair:3:   dpeg_oklob_gauntlet, dummy_snake_entry, basic_altar,
          nicolae_volcano_entry_batcave, hangedman_lair_unloving_vines,
          minivault_26
Lair:4:   swamp_mist_pool, nicolae_quartered_pool_super, fungi_pond_lemuel,
          infiniplex_staircase_pool, serial_bayou_shore_a, uniq_kirke
Lair:6:   minmay_lair_end_frog_pond, slime_altar_1
Snake:1:  basic_altar, serial_bayou_shore_b, grunt_megastairs_4, uniq_louise,
          uniq_josephine
Orc:2:    grunt_orc_cross, basic_altar, uniq_rupert
Sewer:    sewer_frog_island_02
Volcano:  volcano_lake

Skill      XL: |  1  2  3  4  5  6  7  8  9 10 11 12 13 14 15 |
---------------+----------------------------------------------+-----
Transmutations | 3 4 5 6 8 9 |  9.6
Unarmed Combat | 4 5 8 11 14 15 | 15.2
Fighting       | 3 5 8 10 11 | 11.6
Dodging        | 4 6 9 10 11 13 | 13.3
Ice Magic      | 6 |  6.0
Spellcasting   | 7 9 |  9.5

Action                   |  1- 3 |  4- 6 |  7- 9 | 10-12 | 13-15 || total
-------------------------+-------+-------+-------+-------+-------++-------
Melee: Unarmed           |    85 |   165 |   417 |   760 |  1143 ||  2570
       Constrict         |    21 |    27 |    41 |    18 |    33 ||   140
       Kick              |    13 |     6 |       |       |       ||    19
       Tentacles         |     7 |    19 |    41 |    40 |    48 ||   155
       Punch             |     1 |     4 |    10 |    14 |    21 ||    50
 Cast: Beastly Appendage |    15 |     4 |       |       |       ||    19
       Spider Form       |     2 |    13 |    39 |    78 |    82 ||   214
       Sticks to Snakes  |       |     5 |     1 |     7 |     7 ||    20
       Ice Form          |       |       |       |       |    17 ||    17
       Blade Hands       |       |       |       |       |     7 ||     7
Invok: Call Merchant     |       |       |       |     2 |       ||     2
       Potion Petition   |       |       |       |       |     4 ||     4
Evoke: Wand              |       |     2 |       |     2 |     1 ||     5
  Use: Scroll            |     2 |     8 |     2 |    20 |    10 ||    42
       Potion            |       |     5 |     2 |    20 |     8 ||    35
 Stab: Sleeping          |     5 |    11 |     6 |     5 |     8 ||    35
       Paralysed         |       |     5 |       |       |       ||     5
       Distracted        |       |     1 |       |     5 |    13 ||    19
       Invisible         |       |       |       |    10 |       ||    10
  Eat: Chunk             |     5 |    10 |    19 |     5 |       ||    39
       Royal jelly       |       |       |     1 |       |     5 ||     6
       Bread ration      |       |       |     2 |     3 |     6 ||    11
       Fruit             |       |       |     1 |     1 |    11 ||    13
       Meat ration       |       |       |       |     5 |     1 ||     6
Armor: Skin              |     7 |    14 |    12 |    10 |    26 ||    69
Dodge: Dodged            |    69 |   163 |   349 |   957 |  1147 ||  2685
